AoeStats
← regular.victor

Arena

509911696Analyzed
1v1 RM · 4d ago on Sep 28, 2026· 53m 57s· 2 players
Game mode
Random Map
Map size
Tiny (2 player)
Population
200
Speed
Normal
Resources
Standard
Victory
Conquest
Starting age
Dark Age
Ending age
Imperial Age
RankedLock teamsTeams togetherTeam positionsShared explorationLock speedFull tech treeHidden civsTurbo modeCheats
Victory
Defeat
🇺🇸 Japanese · United States
361
+14
🇷🇴 Franks · Romania
311
-14
regular.victor
11:09 Feudal Age
9:29 Loom
11:55 Arson
11:31 Man-at-Arms
14:56 Double-Bit Axe
16:47 Forging
18:35 Scale Mail Armor
20:37 Fletching
25:08 Castle Age
27:55 Bodkin Arrow
37:54 Bow Saw
41:05 Gold Mining
42:12 Murder Holes
44:20 Gold Shaft Mining
43:40 Stone Mining
45:50 Masonry
50:03 Chain Mail Armor
49:58 Scale Barding Armor
rnbishop91
10:52 Feudal Age
11:13 Horse Collar
11:22 Double-Bit Axe
18:47 Castle Age
17:32 Forging
17:30 Scale Mail Armor
18:44 Arson
20:01 Wheelbarrow
18:56 Man-at-Arms
20:16 Heavy Plow
20:30 Bow Saw
25:48 Stone Mining
34:34 Gambesons
35:18 Squires
35:52 Scale Barding Armor
36:03 Chain Mail Armor
36:26 Iron Casting
36:27 Gold Mining
38:45 Hand Cart
40:04 Gold Shaft Mining
39:36 Long Swordsman
42:04 Murder Holes
41:51 Treadmill Crane
42:38 Ballistics
45:08 Imperial Age
45:11 Elite Samurai
46:13 Conscription
45:23 Two-Handed Swordsman
48:26 Champion
Connection lost

Rejoining the realm…

Still unreachable

The connection could not be restored.

Session expired

The server has moved on; the page needs a fresh start.